 Dungeon Crawl Stone Soup version 0.10.4 character file.

33 MisterOstroum the Vexing (level 1, 0/13 HPs)
             Began as a Human Enchanter on Sept 29, 2019.
             Slain by a bat (1 damage)
             ... on Level 1 of the Dungeon.
             The game lasted 00:01:01 (124 turns).

MisterOstroum the Vexing (Human Enchanter)           Turns: 124, Time: 00:01:01

HP   0/13        AC  3     Str  8      XL: 1   Next: 66%
MP   3/3         EV 12     Int 15      God:
Gold 29          SH  0     Dex 13      Spells:  1 memorised,  1 level left

Res.Fire  : . . .   See Invis. : .   a - +1 dagger {=f}
Res.Cold  : . . .   Warding    : . . b - +1 robe
Life Prot.: . . .   Conserve   : .   (no shield)
Res.Acid. : . . .   Res.Corr.  : .   (no helmet)
Res.Poison: .       Clarity    : .   (no cloak)
Res.Elec. : .       Spirit.Shd : .   (no gloves)
Sust.Abil.: . .     Stasis     : .   (no boots)
Res.Mut.  : .       Ctrl.Telep.: .   (no amulet)
Res.Rott. : .       Levitation : .   (no ring)
Saprovore : . . .   Ctrl.Flight: .   (no ring)

@: very slightly contaminated, not resistant to hostile enchantments, fairly
stealthy
A: no striking features
a: no special abilities


You were on level 1 of the Dungeon.
You were not hungry.

You visited 1 branch of the dungeon, and saw 1 of its levels.

You collected 9 gold pieces.

Inventory:

Hand weapons
 a - a +1,+1 dagger (weapon) {=f}
 j - a +1,+1 elven dagger of protection
Missiles
 d - 15 +1 darts (quivered)
Armour
 b - a +1 robe (worn)
Comestibles
 f - a bread ration
 h - 2 chunks of goblin flesh
Potions
 e - a potion of confusion {unknown}
 g - 2 potions of brilliance {unknown}
Books
 c - a book of Maledictions

   Spells                             Type                      Level
   *Corona                            Hexes                        1
   Sure Blade                         Hexes/Charms                 2
   Ensorcelled Hibernation            Hexes/Ice                    2
   Confuse                            Hexes                        3
   Enslavement                        Hexes                        4
   Invisibility                       Hexes                        6


   Skills:
 + Level 1.0 Short Blades
 + Level 1.2 Throwing
 + Level 2.0 Dodging
 + Level 2.1 Stealth
 + Level 1.2 Stabbing
 + Level 1.0 Spellcasting
 + Level 3.0 Hexes


You had one spell level left.
You knew the following spells:

 Your Spells              Type           Power        Failure   Level  Hunger
a - Corona                Hex            ##......     10%         1    Strawberry

Dungeon Overview and Level Annotations

Branches:
Dungeon (1/27)

Altars:


Message History

You barely miss the goblin.
The goblin is almost dead.
The goblin barely misses you.
You closely miss the goblin.
The goblin is almost dead.
The goblin hits you with a runed elven dagger.
You hit the goblin but do no damage.
The goblin is almost dead.
The goblin hits you with a runed elven dagger.
Unknown command.
Unknown command.
Unknown command.
You hit the goblin but do no damage.
The goblin is almost dead.
The goblin hits you with a runed elven dagger.
Unknown command.
Unknown command.
Throwing (i - inventory):
d - 7 +1 darts (quivered)
Press: ? - help, Shift-Dir - straight line, f/p - goblin
Aim: a goblin, wielding a runed elven dagger (almost dead)
You throw a +1 dart. The +1 dart misses the goblin.
The goblin closely misses you.
You barely miss the goblin.
The goblin is almost dead.
The goblin hits you but does no damage.
Unknown command.
Throwing (i - inventory):
d - 6 +1 darts (quivered)
Press: ? - help, Shift-Dir - straight line, f/p - goblin
Aim: a goblin, wielding a runed elven dagger (almost dead)
You throw a +1 dart. The +1 dart hits the goblin.
You kill the goblin!
d - 6 +1 darts (gained 1)
Things that are here:
a runed elven dagger; a goblin corpse You start butchering the goblin corpse with your dagger {=f}.
You continue butchering the corpse.
You finish chopping the goblin corpse into pieces.
h - 2 chunks of goblin flesh
Things that are here:
a goblin skeleton; a runed elven dagger
There are several objects here.
Pick up a goblin skeleton? ((y)es/(n)o/(a)ll/(m)enu/*?g,/q)
i - a goblin skeleton;
j - a runed elven dagger
d - 7 +1 darts (gained 1)
d - 8 +1 darts (gained 1)
d - 9 +1 darts (gained 1);
g - 2 cyan potions (gained 1)
d - 11 +1 darts (gained 2) Drop what? (_ for help) (? for menu, Esc to quit)
Okay, then.
Unknown command.
Unknown command.
Unknown command.
d - 13 +1 darts (gained 2)
d - 15 +1 darts (gained 2) Quiver which item? (- for none, * to show all) (? for menu, Esc to quit)
Quivering
i - a goblin skeleton for throwing.
A kobold comes into view. It is wielding a club.
The kobold shouts!
Awkwardly throwing (i - inventory. (,) - cycle):
i - a goblin skeleton (quivered)
Press: ? - help, Shift-Dir - straight line, f - kobold
Aim: a kobold, wielding a club You awkwardly throw a goblin skeleton.
The goblin skeleton misses the kobold.
The kobold throws a dart.
The dart hits you!
Casting: Corona
Confirm with . or Enter, or press ? or * to list all spells.
Okay, then.
Unknown command.
The kobold throws a dart.
The dart hits you!
The kobold throws a dart.
The dart hits you!
* * * LOW HITPOINT WARNING * * *
You see here a dart.
The kobold throws a dart.
The dart misses you.
The kobold throws a dart.
The dart misses you.
A hobgoblin comes into view. It is wielding a club.
The helpless hobgoblin fails to defend itself.
You slash the hobgoblin!
You kill the hobgoblin!
Casting: Corona
Confirm with . or Enter, or press ? or * to list all spells.
Aiming: Corona
Press: ? - help, Shift-Dir - straight line, f/p - kobold
Aim: a kobold, wielding a club You miscast Corona.
You are very lightly contaminated with residual magic.
Your skin glows momentarily.
Unknown command.
Unknown command.
A bat comes into view.
The bat barely misses you. The bat misses you.
Found 29 stones.
The bat barely misses you. The bat closely misses you.
The kobold hits you with a club.
* * * LOW HITPOINT WARNING * * *
The bat hits you but does no damage. The bat barely misses you.
The bat misses you. The bat barely misses you. The bat hits you.
You die...

.######.#####.###...#.##..#
#.# #)# #...#.# #.# #.#
#...#.# #.# #.# #...#.# .
#.######.#####.###...#.##..#
...........................#
(............K..............
.....##.#####b###...#.##..#
##### #.# ###@###...#.##..#
......................
##.#####.###...#.##(.#
..............#.#
..............# #
.#########..#.#.#
............#.#.##..
.....................
....<.<.<............


You could see a kobold and a bat.

Vanquished Creatures
  A hobgoblin (D:1)
  A bat (D:1)
  2 goblins (D:1)
4 creatures vanquished.

Notes
Turn   | Place    | Note
--------------------------------------------------------------
     0 | D:1      | MisterOstroum, the Human Enchanter, began the quest for the Orb.
     0 | D:1      | Reached XP level 1. HP: 13/13 MP: 3/3
   124 | D:1      | Slain by a bat
